 Dungeon Crawl Stone Soup version 0.25-a0-366-g516bc45 (webtiles) character file.

Game seed: 11797770854532831356, levelgen mode: deterministic

154 Spazmo the Magician (level 5, -1/28 HPs)
             Began as a Deep Elf Air Elementalist on Jan 6, 2020.
             Slain by a bullfrog (9 damage)
             ... on level 3 of the Dungeon.
             The game lasted 00:09:06 (2139 turns).

Spazmo the Magician (Deep Elf Air Elementalist)     Turns: 2139, Time: 00:09:06

Health: -1/28      AC:  2    Str:  5    XL:     5   Next: 13%
Magic:  16/22      EV: 13    Int: 21    God:
Gold:   134        SH:  0    Dex: 15    Spells: 12/13 levels left

rFire    . . .     SeeInvis .   g - +0 short sword (venom)
rCold    . . .     Gourm    .   (no shield)
rNeg     . . .     Faith    .   a - +0 robe
rPois    .         Spirit   .   (no helmet)
rElec    .         Reflect  .   (no cloak)
rCorr    .         Harm     .   (no gloves)
MR       .....                  (no boots)
Stlth    ++........             (no amulet)
HPRegen  0.09/turn              i - ring of magical power
MPRegen  0.18/turn              (no ring)

@: no status effects
A: no striking features
a: no special abilities


You were on level 3 of the Dungeon.
You were hungry.

You visited 1 branch of the dungeon, and saw 3 of its levels.

You collected 134 gold pieces.

Inventory:

Hand Weapons
 g - a +0 short sword of venom (weapon)
Missiles
 e - 116 stones (quivered)
Armour
 a - a +0 robe (worn)
Jewellery
 i - a ring of magical power (left hand)
Scrolls
 j - a scroll of identify
Potions
 b - a potion of agility
 d - a potion of heal wounds
 f - a potion of ambrosia {unknown}
 l - a potion of might {unknown}
 m - a potion of flight {unknown}
Comestibles
 c - 7 rations
 h - a chunk of flesh


   Skills:
 - Level 3.0 Dodging
 - Level 2.4 Stealth
 + Level 4.6 Spellcasting
 + Level 3.1 Conjurations
 + Level 4.0 Air Magic


You had 12 spell levels left.
You knew the following spells:

 Your Spells              Type           Power        Failure   Level  Hunger
a - Shock                 Conj/Air       ###.         2%          1    None

Your spell library contained the following spells:

 Spells                   Type           Power        Failure   Level  Hunger
 Swiftness                Chrm/Air       ##......     8%          2    #......
 Static Discharge         Conj/Air       ###.....     8%          3    ##.....
 Airstrike                Air            ###.......   21%         4    ####...
 Lightning Bolt           Conj/Air       ###.......   56%         5    ######.


Dungeon Overview and Level Annotations

Branches:
Dungeon (3/15)

Altars:
Yredelemnul

Annotations:
D:3 Ijyb


Message History

The zap hits the bullfrog.
The bullfrog is moderately wounded.
The zap hits Ijyb.
Ijyb is lightly wounded.
The leopard gecko hisses angrily.
The bullfrog hits you.
* * * LOW HITPOINT WARNING * * *
Ijyb screams, "Me very upset!"
The bullfrog misses you.
Casting: Shock (safe; 2% risk of failure)
Confirm with . or Enter, or press ? or * to list all spells.
Aiming: Shock (safe; 2% risk of failure)
Press: ? - help, Shift-Dir - straight line, f/p - Ijyb
Aim: Ijyb, wearing a +0 ring mail and carrying a wand of iceblast (5) (lightly wounded)
The zap hits the bullfrog.
The bullfrog is moderately wounded.
The zap hits Ijyb!
Ijyb is heavily wounded.
The bullfrog hits you!
You die...

##.#.#..[.......
.. ...#...#......
..
#...#...#.#.##.
.# #...#...#.#..#
#.# #. #...#.##.#
..# . ###......#
..##.##
#.#.#..###.......
#.#.#..##..#l...
#.#.#..@Fg.......
#.#.##.##.##.....
#.#.#....... ....
#.#.####.........
..... #..##.....
...# ..... #...
... .# ..


You could see Ijyb, a bullfrog and a leopard gecko.

Vanquished Creatures
  A jelly (D:2)
  Natasha (D:2)
  An adder (D:2)
  4 dart slugs
  3 leopard geckos
  An orc (D:3)
  7 giant cockroaches
  10 goblins
  7 hobgoblins
  11 jackals (D:2)
  11 kobolds
  2 ball pythons
  2 bats
  5 frilled lizards
  8 rats
74 creatures vanquished.

Notes
Turn   | Place    | Note
-------+----------+-------------------------------------------
     0 | D:1      | Spazmo the Deep Elf Air Elementalist began the quest for
                  | the Orb.
     0 | D:1      | Reached XP level 1. HP: 10/10 MP: 6/6
   181 | D:1      | Reached XP level 2. HP: 15/15 MP: 2/8
   437 | D:1      | Reached XP level 3. HP: 18/19 MP: 0/10
  1140 | D:2      | Noticed Natasha
  1149 | D:2      | Killed Natasha
  1149 | D:2      | Reached XP level 4. HP: 23/24 MP: 2/12
  1588 | D:2      | Reached XP level 5. HP: 28/28 MP: 11/13
  1591 | D:2      | Found a faded altar of an unknown god.
  1764 | D:2      | Found a basalt altar of Yredelemnul.
  2130 | D:3      | Noticed Ijyb
  2139 | D:3      | Slain by a bullfrog

Levels and vault maps discovered:
D:1:      wheals_arrival_shading, layout_basic, minmay_worlds_worst_comb
D:2:      layout_loops_corners, first_ration,
          chequers_ecumenical_altar_simple_redux, yredelemnul_altar_generic,
          uniq_natasha
D:3:      layout_rooms, lemuel_doored_altar, nicolae_overflow_hidden_temple,
          minitemple, minmay_misc_feat_plants, uniq_ijyb

Skill      XL: |  1  2  3  4 |
---------------+-------------+-----
Dodging        | 3 |  3.0
Conjurations   | 2 3 |  3.1
Spellcasting   | 4 |  4.6
Air Magic      | 4 |  4.0
Stealth        | |  2.4

Action                   |  1- 3 |  4- 6 || total
-------------------------+-------+-------++-------
Melee: Dagger            |       |     4 ||     4
 Cast: Shock             |    79 |    64 ||   143
  Use: Scroll            |     3 |     2 ||     5
       Potion            |     1 |       ||     1
  Eat: Chunk             |       |     3 ||     3
Dodge: Dodged            |     4 |    21 ||    25

Table legend:
 A = Non-vault XP
 B = Vault XP
 C = Vault XP percentage of total XP
 D = Non-vault monster count
 E = Vault monster count
 F = Vault count percentage of total count
                 A         B        C        D         E       F
            +---------+---------+-------+---------+---------+-------
      Total |     174 |      47 |  21.3 |      67 |       7 |   9.5
            +---------+---------+-------+---------+---------+-------
        D:1 |      56 |      12 |  17.6 |      30 |       6 |  16.7
        D:2 |     112 |      35 |  23.8 |      34 |       1 |   2.9
        D:3 |       6 |       0 |   0.0 |       3 |       0 |   0.0
            +---------+---------+-------+---------+---------+-------
